 Dungeon Crawl Stone Soup version 0.26-a0-662-g8b9c6dab81 (webtiles) character file.

Game seed: 12408766701151072629

284 dickylongcocking the Caller (level 6, -21/69 HPs)
             Began as a Merfolk Summoner on Oct 9, 2020.
             Was a Follower of Okawaru.
             Demolished by an ogre
             ... wielding a +0 giant club
              (28 damage)
             ... on level 5 of the Dungeon.
             The game lasted 00:06:00 (6903 turns).

dickylongcocking the Caller (Merfolk Summoner)      Turns: 6903, Time: 00:06:01

Health: -21/69     AC:  6    Str:  9    XL:     6   Next: 29%
Magic:  9/9        EV: 11    Int: 15    God:    Okawaru [*.....]
Gold:   175        SH:  0    Dex: 15    Spells: 3/9 levels left

rFire    + + .     SeeInvis .   d - +1 spear
rCold    + . .     Faith    .   (no shield)
rNeg     . . .     Spirit   .   q - +0 ring mail {rF+}
rPois    .         Reflect  .   (no helmet)
rElec    .         Harm     .   p - scarf {rC+ rF+}
rCorr    .         Rampage  .   i - +0 pair of gloves
MR       +....                  (no boots)
Stlth    ..........             (no amulet)
HPRegen  0.21/turn              c - ring of protection from magic
MPRegen  0.11/turn              (no ring)

@: mighty, berserking, very quick
A: change form in water, swift swim, stealthy swim
a: Heroism, Renounce Religion


You were on level 5 of the Dungeon.
You worshipped Okawaru.
Okawaru was aware of your devotion.
You visited 1 branch of the dungeon, and saw 5 of its levels.

You collected 175 gold pieces.

Inventory:

Hand Weapons
 d - a +1 spear (weapon)
Armour
 a - a +0 robe
 b - a scarf of shadows
 i - a +0 pair of gloves (worn)
 m - a +0 leather armour
 p - a scarf of resistance (worn)
 q - a +0 ring mail of fire resistance (worn)
Jewellery
 c - a ring of protection from magic (left hand)
Scrolls
 l - a scroll of enchant weapon
 r - a scroll of remove curse
Potions
 f - a potion of resistance
 n - a potion of haste
 o - a potion of flight


   Skills:
 * Level 2.8 Fighting
 * Level 4.6 Polearms
 * Level 1.0 Armour
 - Level 2.6 Dodging
 - Level 2.1 Stealth
 - Level 2.0 Spellcasting
 * Level 5.5 Summonings


You had 3 spell levels left.
You knew the following spells:

 Your Spells              Type           Power        Failure   Level
a - Summon Small Mammal   Summ           ###.         6%          1
b - Call Imp              Summ           ###.....     10%         2
c - Call Canine Familiar  Summ           ###.....     19%         3

Your spell library contained the following spells:

 Spells                   Type           Power        Failure   Level
 Summon Guardian Golem    Hex/Summ       #.......     52%         3
 Summon Ice Beast         Ice/Summ       #.......     89%         4
 Summon Lightning Spire   Summ/Air       #.......     89%         4


Dungeon Overview and Level Annotations

Branches:
Dungeon (5/15)
 Temple: D:4-7

Altars:
Okawaru
Uskayaw
Vehumet
Xom
Yredelemnul


Message History

Unknown command.
You puncture the centaur!
You kill the centaur!
Okawaru is honoured by your kill.
You can now gain great but temporary skills.
Your Armour skill increases to level 1!
You have reached level 6!
Your experience leads to an increase in your attributes!
Increase (S)trength, (I)ntelligence, or (D)exterity?
You feel stronger.
The adder skeleton bites you but does no damage.
You hit the ogre.
The ogre is lightly wounded.
The adder skeleton bites you.
* * * LOW HITPOINT WARNING * * *
Unknown command.
You puncture the ogre!
The ogre is heavily wounded.
The ogre hits you with a +0 giant club!!
You die...

#..#
###.##
#.##
#..######
..#
##......#
.##
######.#
.# #.# .#
#(# .#
#(## †#
#.(## .#
##.@# .#
##OZ# .#
##.# .#
.. .# ...
.# #..!
###. .#


You could see an ogre and an adder skeleton.

Vanquished Creatures
  A centaur (D:5)
  A hound (D:4)
  2 adders
  A worm (D:2)
  2 dart slugs (D:1)
  2 leopard geckos
  2 orcs (D:3)
  2 giant cockroaches
  6 goblins
  A hobgoblin (D:1)
  2 quokkas
  3 bats
  3 frilled lizards
  A kobold (D:2)
  A quokka skeleton (D:3)
  2 rats
32 creatures vanquished.

Vanquished Creatures (collateral kills)
  A hound (D:3)
  A worker ant (D:5)
  3 adders (D:3)
  3 gnolls (D:2)
  An ufetubus (D:5)
  2 adder skeletons (D:4)
  A worm (D:3)
  3 dart slugs (D:1)
  A leopard gecko (D:1)
  9 orcs
  7 giant cockroaches
  7 goblins
  10 hobgoblins
  A quokka (D:5)
  4 bats
  2 frilled lizards
  4 kobolds
  7 rats
67 creatures vanquished.

Grand Total: 99 creatures vanquished

Notes
Turn   | Place    | Note
-------+----------+-------------------------------------------
     0 | D:1      | dickylongcocking the Merfolk Summoner began the quest for
                  | the Orb.
     0 | D:1      | Reached XP level 1. HP: 13/13 MP: 3/3
   272 | D:1      | Reached XP level 2. HP: 19/19 MP: 1/5
   405 | D:1      | Reached skill level 1 in Polearms
   671 | D:1      | Learned a level 2 spell: Call Imp
  1129 | D:1      | Reached XP level 3. HP: 9/24 MP: 2/6
  1210 | D:1      | HP: 1/24 [dart slug/slug dart (5)]
  1939 | D:2      | Found a basalt altar of Yredelemnul.
  3215 | D:2      | Found an iron altar of Okawaru.
  3239 | D:2      | Reached skill level 1 in Fighting
  3239 | D:2      | Reached XP level 4. HP: 17/32 MP: 1/7
  3574 | D:2      | Became a worshipper of Warmaster Okawaru
  4116 | D:3      | Reached skill level 5 in Summonings
  4749 | D:3      | Reached XP level 5. HP: 24/38 MP: 3/8
  5580 | D:3      | Found a faded altar of an unknown god.
  5892 | D:4      | Learned a level 3 spell: Call Canine Familiar
  5993 | D:4      | Found a radiant altar of Vehumet.
  5995 | D:4      | Found a hide-covered altar of Uskayaw.
  6474 | D:4      | Found a shimmering altar of Xom.
  6475 | D:4      | Found a shimmering altar of Xom.
  6477 | D:4      | Found a shimmering altar of Xom.
  6478 | D:4      | Found a shimmering altar of Xom.
  6619 | D:5      | Entered Level 5 of the Dungeon
  6889 | D:5      | Noticed a centaur
  6894 | D:5      | Noticed an ogre
  6901 | D:5      | Killed a centaur
  6901 | D:5      | Reached * piety under Okawaru
  6901 | D:5      | Reached skill level 1 in Armour
  6901 | D:5      | Reached XP level 6. HP: 8/46 MP: 9/9
  6903 | D:5      | Demolished by an ogre

Illustrated notes

Levels and vault maps discovered:
D:1:      minmay_arrival_four_loops, layout_rooms, minmay_cupped
D:2:      layout_basic, okawaru_altar_gauntlet_db, yredelemnul_altar_generic,
          feat_on_display
D:3:      layout_basic, chequers_ecumenical_altar_simple_redux, st_stairs_12
D:4:      layout_basic, gammafunk_temple_overflow_pools, xom_redecorated
D:5:      layout_rooms, serial_shops, nicolae_shop_waterfront, shop_fountains,
          shop, shop, shop

Skill      XL: |  1  2  3  4  5 |
---------------+----------------+-----
Polearms       | 2 3 4 |  4.6
Fighting       | 1 2 |  2.8
Summonings     | 5 |  5.5
Armour         | 1 |  1.0
Dodging        | |  2.6
Stealth        | |  2.1
Spellcasting   | |  2.0

Action                   |  1- 3 |  4- 6 || total
-------------------------+-------+-------++-------
Melee: Unarmed           |     5 |       ||     5
       Spear             |    61 |   119 ||   180
 Cast: Summon Small Mamm |    25 |       ||    25
       Call Imp          |    36 |    48 ||    84
       Call Canine Famil |       |     8 ||     8
  Use: Scroll            |     8 |     3 ||    11
       Potion            |     2 |     5 ||     7
 Stab: Distracted        |     3 |     1 ||     4
       Sleeping          |     1 |     1 ||     2
Armor: Robe              |     4 |       ||     4
       Ring mail         |       |    14 ||    14
Dodge: Dodged            |    91 |    95 ||   186

Table legend: (Time is in decaauts)
 A = Elapsed time spent in this place.
 B = Non-inter-level travel time spent in this place.
 C = Inter-level travel time spent in this place.
 D = Time resting spent in this place.
 E = Time spent auto-exploring this place.
 F = Levels seen in this place.
 G = Mean time per level.
                   A        B        C        D        E       F      G
               +--------+--------+--------+--------+--------+-----+--------+
         Total |   6868 |   6760 |    108 |   1715 |   4076 |   5 | 1373.6 |
       Dungeon |   6868 |   6760 |    108 |   1715 |   4076 |   5 | 1373.6 |
               +--------+--------+--------+--------+--------+-----+--------+

Top non-repeatable levels by time:
     D:3: 2063 daAuts
     D:2: 1894 daAuts
     D:1: 1821 daAuts
     D:4: 809 daAuts
     D:5: 279 daAuts
